 Dungeon Crawl Stone Soup version 0.19-a0-1672-g679cadd (webtiles) character file.

5033 Amnesiac the Basher (level 10, -6/69 HPs)
             Began as a Halfling Berserker on Sept 22, 2016.
             Was a High Priest of Trog.
             Mangled by an orc knight
             ... wielding a +0 war axe
              (21 damage)
             ... in a bailey.
             The game lasted 00:22:10 (8385 turns).

Amnesiac the Basher (Halfling Berserker)            Turns: 8385, Time: 00:22:11

Health: -6/69      AC: 15    Str: 18    XL:     10   Next: 85%
Magic:  10/10      EV: 12    Int:  5    God:    Trog [*****.]
Gold:   410        SH: 11    Dex: 18    Spells: 0 memorised, 9 levels left

rFire  . . .     SeeInvis .     k - +0 flail
rCold  . . .     Gourm    .     s - +0 plate armour
rNeg   . . .     Faith    .     E - +0 buckler
rPois  .         Spirit   .     (no helmet)
rElec  .         Dismiss  .     r - +0 cloak
rCorr  +         Reflect  +     (no gloves)
MR     +....     Harm     .     l - +0 pair of boots
Stlth  ..........               A - +4 amulet of reflection
                                (no ring)
                                u - ring of resist corrosion

@: exhausted, slowed, very slow
A: magic resistance 1, mutation resistance 1
a: Berserk, Trog's Hand, Brothers in Arms, Burn Spellbooks, Renounce Religion


You were in a bailey.
You worshipped Trog.
Trog was extremely pleased with you.
You were very hungry.

You visited 1 branch of the dungeon, and saw 9 of its levels.
You also visited: Sewer and Bailey.

You collected 464 gold pieces.
You spent 54 gold pieces at shops.

Inventory:

Hand Weapons
 j - a +2 antimagic lajatang
 k - a +0 flail (weapon)
Missiles
 z - 9 curare-tipped needles
Armour
 l - a +0 pair of boots (worn)
 r - a +0 cloak (worn)
 s - a +0 plate armour (worn)
 E - a +0 buckler (worn)
Jewellery
 p - an uncursed amulet of dismissal
 u - a ring of resist corrosion (left hand)
 A - a +4 amulet of reflection (around neck)
Wands
 e - a wand of digging (15/24)
 n - a wand of polymorph (17/24)
 y - a wand of disintegration (11/24)
 K - a wand of acid (5/15)
Scrolls
 b - 2 scrolls of teleportation
 f - 2 scrolls of recharging {unknown}
 g - 2 scrolls of random uselessness {unknown}
 m - 5 scrolls of remove curse {unknown}
 o - a scroll of enchant weapon {unknown}
 t - 3 scrolls of blinking {unknown}
 x - a scroll of immolation {unknown}
 C - 2 scrolls of amnesia {unknown}
 D - 3 scrolls of fear {unknown}
 I - a scroll of noise {unknown}
Potions
 a - a potion of curing
 d - 2 potions of brilliance {unknown}
 v - a potion of might
 w - a potion of berserk rage
 B - a potion of cure mutation
 G - 4 potions of flight
Comestibles
 c - 5 bread rations
 h - 15 chunks of flesh
 i - 4 meat rations
 q - a slice of pizza
 F - 3 fruits
 H - a beef jerky


   Skills:
 + Level 6.3 Fighting
 - Level 9.0 Maces & Flails
 - Level 7.2 Armour
 - Level 7.2 Dodging
 - Level 5.6 Shields


You had 9 spell levels left.
You didn't know any spells.

Dungeon Overview and Level Annotations

Branches:
Dungeon (9/15)             Temple (0/1) D:5             Orc (0/2) D:9
   Lair: D:8-11

Altars:
Kikubaaqudgha
Nemelex Xobeh

Shops:
D:6 *   D:9 }


Innate Abilities, Weirdness & Mutations

You are small and have problems with some larger weapons.
You are somewhat resistant to further mutation.
You are resistant to hostile enchantments. (MR+)


Message History

The orc knight is almost dead.
The orc knight hits you but does no damage.
You sock the orc knight!
The orc knight is almost dead.
The orc knight hits you with a war axe!
* * * LOW HITPOINT WARNING * * *
You hit the orc knight.
The orc knight is almost dead.
You block the orc knight's attack. The orc knight hits you with a war axe!
* * * LOW HITPOINT WARNING * * *
You hit the orc knight but do no damage.
The orc knight is almost dead.
You block the orc knight's attack.
You hit the orc knight.
The orc knight is almost dead.
You block the orc knight's attack.
You barely miss the orc knight.
The orc knight is almost dead.
The orc knight hits you with a war axe!!
You die...

### ### ###.### ###.###
###.....### ###.....###
##.........###.........##
#...........#...........#
#.........o.)...........#
#.....⌠.....#o)...⌠.....#
#...........#@))........#
#.....o.....#).)........#
##.........###.......).###
#'#.....###
###.....#)#.### ..###.###
###.###.)...### o.. ###
###.........# #...........
#.....)).... #.....).....


You could see an orc knight.

Vanquished Creatures
  A hippogriff (D:7)
  The ghost of crawlian the Firebug, an amateur DEFE (D:6)
  Eustachio (D:6)
  A wyvern (D:9)
  Grum (D:8)
  A hungry ghost (D:6)
  Duvessa (D:6)
  3 water moccasins (D:6)
  2 ice beasts
  2 sky beasts
  A phantom (D:4)
  3 orc warriors
  A wasp (D:8)
  A necrophage (D:8)
  3 ogres
  2 wolves (D:8)
  The ghost of aronpayne the Shield-Bearer, an amateur FoFi (Sewer)
  An eye of draining (D:8)
  2 centaurs
  2 big kobolds
  5 bullfrogs
  Dowan (D:6)
  A wyvern skeleton (D:6)
  2 scorpions (D:8)
  3 killer bees (D:8)
  A howler monkey (D:6)
  2 crimson imps
  2 hounds
  A centaur zombie (D:5)
  4 orc priests
  A bullfrog skeleton (D:8)
  2 iguanas
  7 orc wizards
  2 sirens (Sewer)
  3 worker ants
  A merfolk avatar (Sewer)
  A killer bee zombie (D:9)
  3 hound zombies
  7 gnolls
  16 adders
  3 river rats (Sewer)
  2 shadow imps
  An ooze (D:1)
  2 adder skeletons (D:2)
  An adder zombie (D:2)
  3 dart slugs
  10 leopard geckos
  40 orcs
  8 ball pythons
  8 bats
  A bat skeleton (D:2)
  3 bat zombies
  6 giant cockroaches
  17 goblins
  8 hobgoblins
  7 jackals
  19 kobolds
  2 quokkas
  11 frilled lizards
  A leopard gecko zombie (D:2)
  2 quokka skeletons
  31 rats
282 creatures vanquished.

Notes
Turn   | Place    | Note
-------+----------+-------------------------------------------
     0 | D:1      | Amnesiac the Halfling Berserker began the quest for the Orb.
     0 | D:1      | Reached XP level 1. HP: 15/15 MP: 1/1
   119 | D:1      | Reached XP level 2. HP: 14/20 MP: 2/2
   325 | D:1      | Reached skill level 3 in Maces & Flails
   393 | D:1      | Reached XP level 3. HP: 6/26 MP: 3/3
   526 | D:2      | Reached ** piety under Trog
   817 | D:2      | Reached XP level 4. HP: 28/31 MP: 4/4
  1404 | D:3      | Reached XP level 5. HP: 32/36 MP: 5/5
  1932 | D:3      | Reached skill level 4 in Maces & Flails
  2199 | D:4      | Noticed a phantom
  2212 | D:3      | Reached *** piety under Trog
  2212 | D:3      | Reached XP level 6. HP: 42/42 MP: 6/6
  2476 | D:4      | Killed a phantom
  2769 | D:4      | Reached XP level 7. HP: 47/47 MP: 7/7
  2799 | D:4      | Reached skill level 1 in Shields
  2909 | D:5      | Entered Level 5 of the Dungeon
  3283 | D:5      | Reached XP level 8. HP: 54/54 MP: 8/8
  3583 | D:5      | Found a sparkling altar of Nemelex Xobeh.
  3584 | D:5      | Found a staircase to the Ecumenical Temple.
  3885 | D:6      | Noticed Eustachio
  3886 | D:6      | Found a glowing drain.
  3924 | Sewer    | Entered a sewer
  3964 | Sewer    | Reached skill level 5 in Shields
  4080 | Sewer    | Reached **** piety under Trog
  4501 | Sewer    | Noticed aronpayne's ghost (amateur FoFi)
  4530 | Sewer    | Killed aronpayne's ghost
  4530 | Sewer    | Reached skill level 5 in Maces & Flails
  4745 | D:6      | Noticed crawlian's ghost (amateur DEFE)
  4750 | D:6      | Found Lexkeeb's Serpentskin Sales.
  4766 | D:6      | Reached skill level 6 in Maces & Flails
  4768 | D:6      | Reached skill level 5 in Armour
  4768 | D:6      | Reached XP level 9. HP: 27/58 MP: 9/9
  4777 | D:6      | Found an ancient bone altar of Kikubaaqudgha.
  4809 | D:6      | Killed crawlian's ghost
  5019 | D:6      | Reached skill level 5 in Fighting
  5068 | D:6      | Bought 7 curare-tipped needles for 42 gold pieces
  5068 | D:6      | Bought 2 curare-tipped needles for 12 gold pieces
  5171 | D:6      | Reached skill level 5 in Dodging
  5228 | D:6      | Reached ***** piety under Trog
  5254 | D:6      | Killed Eustachio
  5447 | D:6      | Noticed Duvessa
  5450 | D:6      | Noticed Dowan
  5485 | D:6      | Killed Duvessa
  5506 | D:6      | Reached skill level 7 in Maces & Flails
  5515 | D:6      | Killed Dowan
  5830 | D:7      | Noticed a hippogriff
  5842 | D:7      | Killed a hippogriff
  5997 | D:6      | Reached skill level 8 in Maces & Flails
  6020 | D:7      | Reached XP level 10. HP: 55/66 MP: 10/10
  6477 | D:8      | Reached skill level 9 in Maces & Flails
  7055 | D:8      | Noticed Grum
  7069 | D:8      | Killed Grum
  7372 | D:8      | Gained mutation: You are resistant to hostile enchantments. (MR+) [mutagenic meat]
  7887 | D:9      | Found Ymote's Gadget Emporium.
  7907 | D:9      | Found a flagged portal.
  7987 | Bailey   | Entered a bailey
  8246 | Bailey   | Received a gift from Trog
  8344 | Bailey   | Noticed an orc knight
  8385 | Bailey   | Mangled by an orc knight

Vault maps used:
D:1:      ncdulo_smallfort
D:2:      serial_undead, serial_undead_c, serial_undead_b, serial_undead_d,
          serial_undead_f, serial_undead_e, serial_undead_a, serial_undead_f
D:3:      grunt_decor_mini_mirrors
D:4:      first_bread, kennysheep_generic_room_14
D:5:      moated_statue, nemelex_xobeh_ov_fountains_minmay
D:6:      gup_sewer_entry_glass, basic_altar, guppyfry_shop_venom, uniq_duvessa,
          uniq_eustachio
D:8:      uniq_grum
D:9:      david_orc_3, serial_shops, kennysheep_mini_moat, enter_bailey_2,
          hangedman_little_slice_of_home
Sewer:    sewer_sea
Bailey:   bailey_axe_minmay_hex_keep, bailey

Skill      XL: |  1  2  3  4  5  6  7  8  9 10 |
---------------+-------------------------------+-----
Maces & Flails | 3 4 6 8 9 |  9.0
Fighting       | 3 5 6 |  6.3
Dodging        | 3 4 5 7 |  7.2
Armour         | 3 4 5 7 |  7.2
Shields        | 3 5 |  5.6

Action                   |  1- 3 |  4- 6 |  7- 9 | 10-12 || total
-------------------------+-------+-------+-------+-------++-------
Melee: Mace              |   103 |   218 |       |       ||   321
       Flail             |       |    59 |   520 |   413 ||   992
Invok: Berserk           |     1 |     2 |    14 |     7 ||    24
       Burn Spellbooks   |       |       |     2 |       ||     2
  Use: Scroll            |       |       |     4 |     5 ||     9
       Potion            |       |       |     3 |     1 ||     4
 Stab: Sleeping          |     1 |       |       |       ||     1
  Eat: Chunk             |       |    10 |    23 |    20 ||    53
       Fruit             |       |       |     3 |       ||     3
       Beef jerky        |       |       |     2 |       ||     2
Armor: Ring mail         |    37 |    67 |       |       ||   104
       Animal skin       |     7 |       |       |       ||     7
       Plate armour      |       |   115 |   202 |   133 ||   450
Dodge: Dodged            |   146 |   202 |   181 |   145 ||   674
Block: Other             |       |    10 |       |       ||    10
       Buckler           |       |       |   277 |   187 ||   464
       Reflection        |       |       |     4 |     6 ||    10
